Map: Arctic Dream LE

Players

Massa - Winner!

  • Race: Terran Terran
  • League: Platinum
  • Spawn Location: 6:00

qqq - Winner!

  • Race: Zerg Zerg
  • Spawn Location: 5:00

Guigou

  • Race: Zerg Zerg
  • League: Diamond
  • Spawn Location: 11:00

Carlito

  • Race: Protoss Protoss
  • League: Platinum
  • Spawn Location: 12:00

VOD

Have the link to the VOD?

Description

Time

  • Played on: March 22, 2021, 1:03 p.m.
  • Length: 12:31
Show
View Real Time Build Order
Export as new Build Order

Massa Terran - Winner!

Build Orders:  

Get SALT Encoding   

  12  0:00  SCV  
  13  0:12  SCV  
  14  0:17  Supply Depot  
  14  0:24  SCV  
  15  0:39  SCV  
  15  0:40  Barracks  
  16  0:51  SCV  
  16  0:53  Refinery  
  17  1:03  SCV  
  18  1:15  SCV  
  19  1:30  Orbital Command  
  19  1:37  Command Center  
  19  1:46  Supply Depot  
  19  1:59  SCV  
  19  2:00  Factory  
  19  2:01  Marine  
  21  2:11  SCV  
  21  2:15  Refinery  
  22  2:26  Barracks Reactor  
  22  2:27  SCV  
  23  2:35  Supply Depot  
  23  2:40  SCV, Engineering Bay  
  24  2:44  Hellion  
  26  2:51  Starport  
  26  2:53  SCV  
  27  2:59  Orbital Command  
  27  3:17  Barracks Reactor, Hellion x2  
  31  3:22  SCV  
  31  3:26  SCV  
  33  3:32  Medivac  
  35  3:34  SCV  
  35  3:38  SCV  
  35  3:40  Missile Turret  
  37  3:42  Widow Mine x2  
  37  3:46  SCV  
  42  3:50  SCV  
  42  3:54  Marine x2  
  45  4:02  Medivac  
  47  4:03  Barracks  
  47  4:16  Widow Mine x2  
  51  4:21  Marine x2  
  53  4:27  SCV  
  53  4:29  Barracks  
  53  4:30  Barracks, Terran Infantry Weapons Level 1  
  54  4:51  SCV, Marine  
  54  4:55  Marine  
  53  5:07  Barracks Tech Lab  
  53  5:13  Supply Depot x2  
  53  5:21  Marine  
  53  5:23  Barracks Tech Lab  
  53  5:24  Barracks Reactor  
  54  5:34  Marine, Medivac  
  54  5:35  Widow Mine x2  
  61  5:36  Supply Depot  
  61  5:40  Supply Depot  
  61  5:53  Marauder x2, Marine x2  
  65  6:03  Supply Depot  
  65  6:09  Marine  
  65  6:10  Marine  
  65  6:11  Marine x2  
  62  6:14  Marauder x2  
  63  6:27  Marine x2  
  63  6:28  Marine  
  66  6:33  Stimpack  
  66  6:34  Combat Shield  
  66  6:36  Medivac  
  68  6:58  Marauder x2, Marine x4  
  68  6:59  Widow Mine x2  
  80  7:02  Terran Infantry Armor Level 1  
  80  7:10  SCV x2  
  80  7:11  Refinery  
  82  7:16  Refinery  
  82  7:20  Marauder  
  82  7:21  Widow Mine  
  82  7:22  SCV x2, Command Center  
  88  7:23  Command Center  
  86  7:34  SCV x2  
  82  7:46  SCV  
  82  7:47  SCV  
  81  7:56  Medivac  
  84  7:58  SCV  
  84  7:59  SCV  
  85  8:10  SCV  
  85  8:11  SCV  
  75  8:34  Marauder x2, Marine x2  
  75  8:35  Marine x2  
  74  8:46  Starport Reactor  
  74  8:47  Widow Mine x2  
  74  8:52  Marine x2  
  76  8:56  Marauder x2  
  79  9:08  Marine x2  
  79  9:09  Widow Mine x2  
  85  9:10  Marine x2  
  89  9:17  Marauder x2  
  89  9:20  SCV x2  
  89  9:21  SCV  
  94  9:25  Marine  
  94  9:30  Widow Mine x2  
  99  9:32  SCV  
  99  9:33  SCV x2  
  104  9:38  Marauder  
  104  9:39  Marauder  
  104  9:42  Missile Turret  
  104  9:43  Planetary Fortress  
  104  9:45  SCV  
  107  9:50  Concussive Shells  
  107  9:51  Widow Mine  
  109  9:55  Engineering Bay  
  109  9:58  Armory  
  109  10:03  Missile Turret  
  109  10:05  Refinery  
  110  10:07  Refinery, SCV x3  
  112  10:19  SCV x3  
  112  10:20  Marauder x2, Marine  
  112  10:21  Marine x3  
  123  10:24  Missile Turret  
  121  10:36  Widow Mine  
  121  10:38  Marine  
  124  10:45  Supply Depot x4  
  124  10:54  Widow Mine, Marauder x2  
  124  11:03  Widow Mine  
  123  11:09  Supply Depot  
  123  11:10  Marine x4, Supply Depot  
  122  11:16  Widow Mine, Marauder x2  
  128  11:27  Marine  
  128  11:28  Marine x2  
  131  11:37  Marauder x2  
  116  11:59  Marauder  
  113  12:07  Marauder, Marine  
  113  12:08  Marine x3  
Show
View Real Time Build Order
Export as new Build Order

qqq Zerg - Winner!

Build Orders: Hatch First 

Get SALT Encoding   

  12  0:00  Drone  
  13  0:11  Drone  
  14  0:18  Overlord  
  14  0:44  Hatchery  
  14  0:49  Drone  
  14  0:52  Drone  
  14  0:56  Drone  
  16  1:18  Spawning Pool  
  15  1:20  Extractor  
  14  1:29  Drone x2  
  14  1:31  Drone  
  17  1:50  Overlord  
  17  2:03  Extractor  
  16  2:09  Zergling x6  
  16  2:11  Zergling x2  
  16  2:12  Queen  
  22  2:24  Drone x2  
  22  2:28  Metabolic Boost  
  24  2:32  Zergling x2  
  24  2:34  Zergling x2  
  26  2:38  Zergling x2  
  26  2:42  Zergling x2  
  28  2:47  Zergling x2  
  29  2:54  Zergling x2  
  28  3:00  Drone  
  28  3:18  Zergling x4  
  28  3:19  Drone, Zergling x2  
  32  3:21  Queen  
  32  3:25  Zergling x2  
  35  3:29  Evolution Chamber  
  35  3:30  Drone  
  35  3:32  Evolution Chamber  
  34  3:36  Overlord  
  34  3:40  Drone  
  35  3:51  Overlord  
  35  3:57  Zerg Melee Weapons Level 1  
  35  3:59  Zergling x2  
  35  4:00  Drone  
  37  4:10  Zerg Ground Armor Level 1  
  37  4:17  Zergling x4  
  39  4:26  Drone x2, Zergling x2  
  40  4:34  Zergling x6  
  35  4:51  Drone x3, Zergling x6  
  39  5:02  Drone  
  39  5:03  Drone, Zergling x4  
  43  5:08  Overlord  
  43  5:09  Zergling x2  
  44  5:30  Zergling x14, Baneling Nest  
  49  5:47  Zergling x6  
  49  5:48  Zergling x4  
  37  6:01  Zergling x4  
  37  6:02  Drone x3, Zergling x4  
  38  6:14  Zergling x4  
  35  6:26  Queen  
  35  6:28  Queen  
  35  6:30  Zergling x2  
  35  6:31  Zergling x2  
  41  6:33  Zergling x2  
  41  6:46  Zergling x8  
  41  6:54  Zergling x4  
  41  6:55  Drone  
  42  7:12  Drone x2  
  42  7:13  Zergling x2  
  45  7:15  Lair  
  45  7:19  Spine Crawler  
  45  7:21  Spine Crawler  
  43  7:28  Zergling x6  
  46  7:33  Zergling x2  
  47  7:43  Zergling x4  
  43  7:50  Zergling x2  
  40  7:55  Zergling x8  
  41  8:04  Zergling x2  
  41  8:05  Zergling x2  
  35  8:13  Zergling x4  
  32  8:25  Zergling x2  
  32  8:26  Zergling x2  
  22  8:37  Drone  
  23  8:46  Zergling x2  
  23  8:47  Zergling x4  
  24  8:59  Zergling x8  
  24  9:00  Drone  
  29  9:08  Drone x2, Spire  
  30  9:20  Zerg Melee Weapons Level 2  
  30  9:23  Drone  
  31  9:26  Hatchery, Drone  
  31  9:28  Drone  
  32  9:36  Drone x2  
  34  9:44  Drone, Spine Crawler  
  34  9:47  Drone  
  35  9:54  Drone x3  
  35  9:58  Drone  
  35  9:59  Drone  
  40  10:01  Drone  
  40  10:04  Drone  
  42  10:07  Drone  
  42  10:08  Drone  
  42  10:12  Drone  
  42  10:13  Drone  
  46  10:18  Drone x2  
  48  10:25  Mutalisk x2  
  52  10:35  Drone x3  
  53  10:36  Drone x3  
  53  10:41  Extractor x2  
  56  10:42  Extractor  
  56  10:43  Queen  
  56  10:44  Drone  
  56  10:46  Drone  
  59  11:04  Zergling x4  
  61  11:15  Mutalisk  
  61  11:16  Zergling x4  
  61  11:17  Zergling x2, Overlord x2  
  61  11:18  Overlord x3  
  66  11:25  Overlord  
  66  11:39  Mutalisk, Zergling x4  
  70  11:40  Zergling x8  
  74  11:52  Mutalisk, Zergling x2  
  74  11:53  Zergling x4  
  80  11:54  Drone x2, Zergling x2  
  82  12:04  Zergling x4, Overlord  
  82  12:05  Zergling x2  
  85  12:11  Zergling x2  
Show
View Real Time Build Order
Export as new Build Order

Guigou Zerg 

Build Orders: Pool First 

Get SALT Encoding   

  12  0:00  Drone  
  13  0:09  Drone  
  14  0:17  Extractor  
  13  0:29  Spawning Pool  
  12  0:59  Hatchery  
  11  1:22  Overlord  
  11  1:26  Zergling x2  
  11  1:28  Metabolic Boost  
  11  1:31  Zergling x2  
  13  1:39  Zergling x2  
  14  1:49  Zergling x2  
  15  1:59  Zergling x2  
  16  2:01  Queen  
  16  2:07  Zergling x2  
  19  2:16  Zergling x2  
  19  2:21  Drone  
  21  2:23  Spine Crawler  
  21  2:29  Drone  
  21  2:34  Drone  
  22  2:43  Zergling x4  
  24  2:50  Zergling x2  
  25  2:52  Zergling x2  
  25  2:56  Zergling x2  
  26  3:03  Drone  
  27  3:07  Drone  
  24  3:15  Drone  
  24  3:16  Drone x2  
  27  3:23  Overlord  
  27  3:36  Spine Crawler  
  26  3:43  Drone x3  
  29  3:52  Roach Warren  
  28  4:02  Drone  
  29  4:03  Drone x2  
  29  4:08  Overlord  
  31  4:17  Zergling x6  
  31  4:23  Evolution Chamber  
  31  4:34  Zergling x6  
  26  4:44  Drone x2  
  27  4:51  Drone  
  27  4:52  Drone  
  29  4:59  Roach  
  31  5:10  Roach x2  
  35  5:23  Drone x5  
  40  5:30  Spine Crawler  
  40  5:33  Drone  
  40  5:45  Drone  
  40  5:46  Drone x4  
  42  5:54  Overlord  
  39  6:04  Drone x4  
  43  6:12  Queen  
  43  6:17  Spore Crawler  
  44  6:19  Drone x3  
  44  6:23  Zerg Missile Weapons Level 1  
  44  6:25  Drone x2  
  49  6:35  Spine Crawler  
  49  6:36  Spine Crawler  
  49  6:38  Roach x2  
  51  6:48  Overlord x3  
  51  7:02  Overlord x3  
  51  7:03  Overlord  
  51  7:06  Lair  
  51  7:09  Roach  
  53  7:19  Extractor  
  52  7:28  Hatchery  
  51  7:31  Extractor  
  51  7:32  Drone  
  51  7:33  Drone x2  
  51  7:36  Extractor, Spore Crawler  
  51  7:45  Roach x4  
  51  7:46  Roach  
  62  7:51  Ravager  
  60  8:02  Drone  
  60  8:03  Drone x4  
  65  8:08  Queen  
  59  8:17  Zerg Ground Armor Level 1  
  41  8:34  Drone x7  
  41  8:44  Drone x2  
  43  8:49  Zergling x2  
  43  8:51  Queen, Roach x2  
  50  8:58  Spore Crawler  
  50  8:59  Drone  
  50  9:02  Drone x2  
  52  9:07  Queen  
  52  9:09  Overlord  
  54  9:12  Glial Reconstitution  
  55  9:17  Drone x2  
  56  9:27  Zergling x10  
  61  9:32  Drone  
  61  9:33  Drone  
  63  9:40  Roach x2  
  67  9:49  Extractor  
  67  9:51  Drone x3  
  67  9:52  Extractor  
  68  10:11  Hatchery  
  68  10:12  Zergling x20, Hydralisk Den  
  76  10:14  Zerg Ground Armor Level 2  
  76  10:20  Overseer  
  76  10:27  Drone x2  
  75  10:41  Pneumatized Carapace  
  75  10:43  Hydralisk  
  75  10:44  Hydralisk x4  
  75  10:49  Drone x3  
  88  10:50  Drone  
  88  10:51  Drone  
  88  10:52  Drone x2  
  71  11:12  Zergling x6  
  71  11:13  Zergling x14  
  71  11:16  Overseer x2  
  81  11:23  Hydralisk x6  
  73  11:58  Zergling x2  
  73  11:59  Zergling x12  
  80  12:08  Zergling x8  
Show
View Real Time Build Order
Export as new Build Order

Carlito Protoss 

Build Orders: 1 Gate Expand 

Get SALT Encoding   

  12  0:00  Probe  
  13  0:12  Probe  
  14  0:18  Pylon  
  14  0:25  Probe  
  15  0:37  Probe (Chrono Boost)  
  15  0:42  Gateway  
  16  0:48  Assimilator  
  16  0:49  Probe (Chrono Boost)  
  17  0:59  Probe (Chrono Boost)  
  18  1:07  Probe  
  18  1:19  Probe  
  19  1:31  Probe  
  20  1:38  Nexus  
  20  1:47  Cybernetics Core  
  20  1:53  Probe  
  20  1:54  Assimilator  
  21  2:01  Pylon  
  21  2:05  Probe  
  22  2:17  Probe (Chrono Boost)  
  23  2:29  Probe (Chrono Boost)  
  24  2:30  Warp Gate  
  24  2:33  Stalker  
  24  2:37  Probe (Chrono Boost)  
  27  2:48  Probe  
  27  2:50  Twilight Council  
  28  2:53  Robotics Facility  
  28  3:01  Probe  
  28  3:04  Probe  
  30  3:13  Probe  
  30  3:16  Probe  
  32  3:21  Gateway  
  32  3:22  Gateway  
  32  3:23  Charge (Chrono Boost)  
  32  3:26  Gateway  
  32  3:28  Gateway  
  32  3:39  Gateway  
  32  3:42  Gateway  
  32  3:48  Gateway  
  32  3:49  Probe  
  32  3:50  Probe  
  34  4:01  Probe  
  35  4:03  Pylon  
  35  4:06  Pylon  
  35  4:09  Pylon  
  35  4:11  Warp Prism  
  37  4:19  Zealot  
  37  4:22  Zealot x2  
  43  4:25  Zealot  
  43  4:27  Zealot  
  47  4:38  Zealot x2  
  43  5:04  Zealot x5  
  43  5:05  Zealot x2  
  57  5:46  Zealot x3  
  57  5:47  Zealot x5  
  34  6:11  Zealot  
  34  6:12  Zealot x4  
  31  6:30  Zealot x3  
  31  6:32  Zealot  
  39  6:45  Probe  
  39  6:46  Probe  
  39  6:58  Probe x2 (Chrono Boost)  
  35  7:07  Probe x2 (Chrono Boost)  
  37  7:12  Probe (Chrono Boost)  
  38  7:19  Zealot x2  
  38  7:20  Zealot x3  
  38  7:50  Zealot  
  38  7:51  Zealot x6  
  42  8:12  Zealot x3  
  44  8:13  Zealot x3  
  40  8:47  Probe x2  
  34  8:57  Zealot x3  
  34  8:58  Zealot x5  
  34  8:59  Probe (Chrono Boost)  
  34  9:00  Probe (Chrono Boost)  
  46  9:11  Probe (Chrono Boost)  
  46  9:12  Probe (Chrono Boost)  
  48  9:20  Probe (Chrono Boost)  
  49  9:29  Probe, Nexus  
  49  9:30  Probe  
  51  9:32  Pylon  
  51  9:35  Pylon  
  51  9:41  Probe  
  51  9:42  Probe  
  53  9:51  Zealot  
  53  9:52  Zealot  
  57  9:54  Probe x2  
  59  10:05  Templar Archives  
  59  10:06  Probe x2 (Chrono Boost)  
  61  10:17  Assimilator  
  61  10:18  Probe x2 (Chrono Boost)  
  61  10:20  Assimilator  
  63  10:24  Probe (Chrono Boost)  
  63  10:25  Pylon  
  63  10:26  Observer  
  63  10:27  Probe (Chrono Boost)  
  65  10:32  Probe  
  67  10:39  Probe  
  68  10:44  Probe  
  68  10:47  High Templar  
  71  10:51  Probe  
  71  10:52  Zealot x3  
  71  10:53  Zealot x2  
  71  10:56  Probe  
  59  11:05  Zealot x2  
  53  11:13  Zealot x4  
  53  11:14  Zealot  
  42  11:24  Zealot  
  29  11:40  Zealot  
  29  11:41  Zealot x4  
Tags
 
Add a new tag
Caveats
  • Supply blocks, unpowered buildings, or Contaminate may cause inaccurate times.
  • Supply counts are checked every 10 seconds.